 Dungeon Sprint DCSS version 0.21.2 (webtiles) character file.

10165 Fang the Severer (level 11, 0/117 HPs)
             Began as a Gargoyle Gladiator on Oct 4, 2018.
             Was the Champion of the Shining One.
             Slain by a rakshasa
             ... wielding a +0 trident
              (5 damage)
             ... in the Dungeon (Sprint V: "Ziggurat Sprint") on Oct 8, 2018.
             The game lasted 00:07:27 (971 turns).

Fang the Severer (Gargoyle Gladiator)                Turns: 971, Time: 00:07:28

Health: 0/117      AC: 17    Str: 42    XL:     11   Next: 57%
Magic:  12/12      EV: 16    Int:  8    God:    the Shining One [******]
Gold:   0          SH:  0    Dex: 11    Spells: 10/10 levels left

rFire    + . .     SeeInvis +   C - +4 battleaxe of Midsummer {freeze, rF+ SInv}
rCold    . . .     Gourm    .   (shield currently unavailable)
rNeg     + + +     Faith    .   E - +1 leather armour "Cuil" {MR+}
rPois    ∞         Spirit   .   c - +0 helmet
rElec    +         Reflect  .   (no cloak)
rCorr    .         Harm     .   b - +1 pair of gloves {Str+3}
MR       +....     NoTele   +   a - +0 pair of boots {Fly}
Stlth    ..........             (no amulet)
HPRegen  0.29/turn              G - +6 ring of strength
MPRegen  0.13/turn              H - +6 ring of strength

@: berserking, flying, glowing, studying Hexes, very quick
A: negative energy resistance 1, electricity resistance, unbreathing,
petrification resistance, rot immunity, AC +8
a: Divine Shield, Cleansing Flame, Summon Divine Warrior, Brand Weapon With Holy
Wrath, Renounce Religion, Stop Flying


You were in the Dungeon.
You worshipped the Shining One.
The Shining One was exalted by your worship.
You were not hungry.

You visited 1 branch

Inventory:

Hand Weapons
 m - a +5 executioner's axe
 C - the +4 battleaxe of Midsummer (weapon) {freeze, rF+ SInv}
   (You acquired it in the Dungeon)

   It has been specially enchanted to freeze those struck by it, causing extra
   injury to most foes and up to half again as much damage against particularly
   susceptible opponents.
   It can also slow down cold-blooded creatures.
   It protects you from fire.
   It lets you see invisible.
Missiles
 d - 3 throwing nets (quivered)
Armour
 a - a +0 pair of boots of flying (worn)
 b - a +1 pair of gloves of strength (worn)
 c - a +0 helmet (worn)
 l - +5 shadow dragon scales
 E - the +1 leather armour "Cuil" (worn) {MR+}
   (You found it in the Dungeon)

   It affects your resistance to hostile enchantments.
Jewellery
 F - an uncursed ring of protection from fire
 G - a +6 ring of strength (left hand)
 H - a +6 ring of strength (right hand)
Wands
 y - a wand of disintegration (7)
 A - a wand of iceblast (7)
 B - a wand of acid (7)
Scrolls
 k - 4 scrolls of blinking
 n - 4 scrolls of amnesia
 o - 8 scrolls of fog
 p - 2 scrolls of holy word
 q - 5 scrolls of identify
 r - 4 scrolls of remove curse
 s - 2 scrolls of fear
Potions
 e - 10 potions of curing
 g - 7 potions of heal wounds
 h - 10 potions of haste
 i - 7 potions of magic
 t - 2 potions of brilliance
 u - 2 potions of invisibility
 v - 4 potions of resistance
 x - 5 potions of agility
 z - 5 potions of might
Books
 w - a manual of Hexes
Miscellaneous
 D - a sack of spiders
Comestibles
 f - 7 rations


   Skills:
 + Level 13.3 Fighting
 + Level 17.9 Axes
 + Level 5.0 Throwing
 + Level 6.3 Armour
 + Level 9.2 Dodging
 + Level 4.8 Stealth
 + Level 1.7 Invocations


You had 10 spell levels left.
You didn't know any spells.

Dungeon Overview and Level Annotations

Branches:
Dungeon (1/1)

Altars:
Ashenzari
Cheibriados
Dithmenos
Elyvilon
Fedhas
Gozag
Hepliaklqana
Kikubaaqudgha
Makhleb
Nemelex Xobeh
Okawaru
Qazlal
Ru
Sif Muna
Trog
Uskayaw
Vehumet
Wu Jian
Xom
Yredelemnul
Zin
The Shining One
Beogh
Jiyva
Lugonu

Annotations:
D 1 transporter


Innate Abilities, Weirdness & Mutations

You are resistant to torment.
Your stone body is resilient. (AC +8)
You are immune to poison.
You resist negative energy. (rN+)
You are resistant to electric shocks. (rElec)
You can survive without breathing.
You are immune to petrification.
You are immune to rotting.


Message History

You completely miss the vault guard. You slash the ironheart preserver!
You freeze the ironheart preserver.
The ironheart preserver hits you with a morningstar of protection!
* * * LOW HITPOINT WARNING * * *
The vault guard completely misses you. The vault guard closely misses you.
The vault guard hits you but does no damage.
Unknown command.
You slice the vault guard!! You freeze the vault guard.
The vault guard is moderately wounded.
You hit the vault guard but do no damage.
You slash the vault guard! You freeze the vault guard.
You kill the vault guard!
You slash the vault guard! You freeze the vault guard.
You slash the ironheart preserver! You freeze the ironheart preserver!
The ironheart preserver gestures wildly while chanting.
The ironheart preserver begins to accept its allies' injuries.
The vault guard hits you with a battleaxe.
* * * LOW HITPOINT WARNING * * *
The rakshasa hits you from afar with a trident.
You die...

▓.▓...†.▓.▓(▓...▓.▓
▓....©)...▓...©...▓
▓▓▓▓▓▓▓▓▓▓▓▓▓▓▓▓▓▓▓
▓...8©8...▓
▓..}}):[..▓
▓...|[:[..▓
▓....R....▓
▓....p....▓
▓..§p@p...▓
▓...).p...▓
▓.▓.....▓.▓
▓....©....▓
▓▓▓▓▓▓▓▓▓▓▓


You could see an ironheart preserver, 3 vault guards and a rakshasa.

Vanquished Creatures
  A deep elf death mage (D)
  2 vault guards (D)
  2 dancing weapons (D)
  A deep elf knight (D)
  3 deep elf magi (D)
  4 merfolk (D)
  A hornet (shapeshifter) (D)
  3 slime creatures (D)
  A tarantella (D)
  A golden eye (D)
  3 hell hounds (D)
  A floating eye (D)
  An orc warrior (D)
  An eye of draining (D)
  A sky beast (shapeshifter) (D)
  A centaur (shapeshifter) (D)
  2 centaurs (D)
  4 scorpions (D)
  A crimson imp (D)
  A jelly (D)
  2 orc priests (D)
  5 orc wizards (D)
  A shadow imp (D)
  2 orcs (D)
  3 bat skeletons (D)
  A giant cockroach simulacrum (D)
49 creatures vanquished.

Notes
Turn   | Place    | Note
-------+----------+-------------------------------------------
     0 | D        | Found the +6 Majin-Bo {vamp, Archmagi MP+6 Int+6}
     0 | D        | Found the +7 great mace "Firestarter" {inner flame, rF++}
     0 | D        | Fang the Gargoyle Gladiator began the quest for the Orb.
     0 | D        | Reached XP level 1. HP: 12/12 MP: 1/1
     9 | D        | Found a blossoming altar of Fedhas.
    10 | D        | Found a viscous altar of Jiyva.
    10 | D        | Found a hazy altar of Hepliaklqana.
    10 | D        | Found a transporter.
    10 | D        | Found an opulent altar of Gozag.
    10 | D        | Found an ancient bone altar of Kikubaaqudgha.
    10 | D        | Found a corrupted altar of Lugonu.
    14 | D        | Found a burning altar of Makhleb.
    15 | D        | Found a sacrificial altar of Ru.
    15 | D        | Found a stormy altar of Qazlal.
    15 | D        | Found a deep blue altar of Sif Muna.
    15 | D        | Found an iron altar of Okawaru.
    15 | D        | Found a bloodstained altar of Trog.
    15 | D        | Found a sparkling altar of Nemelex Xobeh.
    62 | D        | Became a worshipper of the Shining One
    78 | D        | Entered arena 2.
    78 | D        | Noticed a golden eye
    78 | D        | Noticed an eye of draining
    78 | D        | Found a transporter.
    98 | D        | Killed an eye of draining
    98 | D        | Reached skill level 5 in Axes
    98 | D        | Reached XP level 2. HP: 20/20 MP: 0/2
    98 | D        | Reached XP level 3. HP: 24/24 MP: 0/3
    98 | D        | Reached XP level 4. HP: 29/29 MP: 0/4
   100 | D        | Killed a golden eye
   100 | D        | Reached skill level 5 in Fighting
   100 | D        | Reached skill level 7 in Axes
   100 | D        | Reached skill level 5 in Dodging
   100 | D        | Reached XP level 5. HP: 35/35 MP: 0/5
   100 | D        | Reached XP level 6. HP: 40/40 MP: 0/6
   164 | D        | Entered arena 3.
   164 | D        | Noticed a sky beast
   164 | D        | Noticed a hornet
   164 | D        | Reached * piety under the Shining One
   164 | D        | Found a transporter.
   168 | D        | Killed a sky beast
   168 | D        | Reached skill level 8 in Axes
   169 | D        | Reached skill level 9 in Axes
   169 | D        | Reached skill level 1 in Armour
   172 | D        | Killed a hornet
   172 | D        | Reached skill level 10 in Axes
   172 | D        | Reached XP level 7. HP: 48/48 MP: 7/7
   224 | D        | Entered arena 4.
   224 | D        | Reached ** piety under the Shining One
   224 | D        | Found a transporter.
   246 | D        | Entered arena 5.
   246 | D        | Noticed a slime creature
   246 | D        | Noticed a slime creature
   246 | D        | Reached *** piety under the Shining One
   246 | D        | Found a transporter.
   249 | D        | Reached skill level 11 in Axes
   249 | D        | Reached XP level 8. HP: 53/53 MP: 8/8
   254 | D        | Killed a slime creature
   254 | D        | Reached skill level 5 in Throwing
   257 | D        | Killed a slime creature
   481 | D        | Entered arena 6.
   481 | D        | Noticed a tarantella
   481 | D        | Found a transporter.
   484 | D        | Reached skill level 12 in Axes
   487 | D        | Killed a tarantella
   500 | D        | Got the cursed +1 leather armour "Cuil" {MR+}
   535 | D        | Got a crystal battleaxe
   536 | D        | Identified the +4 battleaxe of Midsummer {freeze, rF+ SInv} (You acquired it in the Dungeon)
   539 | D        | Entered arena 7.
   539 | D        | Reached **** piety under the Shining One
   540 | D        | Found a transporter.
   544 | D        | Reached XP level 9. HP: 60/60 MP: 9/9
   546 | D        | Reached skill level 13 in Axes
   569 | D        | Reached XP level 10. HP: 68/68 MP: 10/10
   576 | D        | Entered arena 8.
   576 | D        | Reached ***** piety under the Shining One
   577 | D        | Found a transporter.
   582 | D        | Reached skill level 10 in Fighting
   582 | D        | Reached skill level 1 in Invocations
   585 | D        | Reached skill level 14 in Axes
   840 | D        | Entered arena 9.
   840 | D        | Noticed a glaive of venom
   840 | D        | Noticed a deep elf mage
   840 | D        | Noticed a deep elf death mage
   840 | D        | Noticed a deep elf knight
   840 | D        | Noticed a broad axe of electrocution
   840 | D        | Noticed a deep elf mage
   840 | D        | Noticed a deep elf mage
   840 | D        | Reached ****** piety under the Shining One
   841 | D        | Found a transporter.
   843 | D        | Killed a broad axe of electrocution
   843 | D        | Reached skill level 15 in Axes
   845 | D        | Killed a deep elf mage
   845 | D        | Reached skill level 5 in Armour
   846 | D        | Killed a deep elf mage
   848 | D        | Killed a deep elf mage
   849 | D        | Killed a deep elf knight
   849 | D        | Reached skill level 16 in Axes
   849 | D        | Reached XP level 11. HP: 76/76 MP: 12/12
   851 | D        | Killed a ghostly deep elf mage
   853 | D        | Killed a deep elf death mage
   858 | D        | Killed a glaive of venom
   858 | D        | Reached skill level 17 in Axes
   927 | D        | Entered arena 10.
   938 | D        | Found a transporter.
   953 | D        | Entered arena 11.
   953 | D        | Noticed a rakshasa
   953 | D        | Noticed a vault guard
   953 | D        | Noticed a vault guard
   953 | D        | Noticed a vault guard
   953 | D        | Noticed an ironheart preserver
   953 | D        | Noticed a vault guard
   953 | D        | Noticed a vault guard
   954 | D        | Found a transporter.
   967 | D        | Killed a vault guard
   971 | D        | Killed a vault guard
   971 | D        | HP: 5/117 [vault guard/battleaxe (6)]
   971 | D        | Slain by a rakshasa

Skill      XL: |  1  2  3  4  5  6  7  8  9 10 11 |
---------------+----------------------------------+-----
Fighting       | 4 5 7 8 9 11 13 | 13.3
Axes           | 5 7 10 11 12 13 16 17 | 17.9
Throwing       | 3 4 5 |  5.0
Dodging        | 4 5 7 8 9 |  9.2
Armour         | 1 2 3 5 6 |  6.3
Stealth        | 4 |  4.8
Invocations    | 1 |  1.7

Action                   |  1- 3 |  4- 6 |  7- 9 | 10-12 || total
-------------------------+-------+-------+-------+-------++-------
Melee: Executioner's axe |     6 |     7 |    16 |       ||    29
       Battleaxe         |       |       |     6 |    45 ||    51
Invok: Divine Shield     |       |       |     1 |       ||     1
  Use: Potion            |       |     1 |     1 |     5 ||     7
       Scroll            |       |       |     2 |       ||     2
Armor: Shadow dragon sca |       |     4 |    16 |       ||    20
       Leather armour    |       |       |     3 |    30 ||    33
Dodge: Dodged            |       |     6 |    21 |    55 ||    82
Block: Other             |       |       |     1 |       ||     1
